 Dungeon Crawl Stone Soup version 0.17-a0-2109-g117576f (webtiles) character file.

1915 fredomojojo the Stinger (level 8, -6/63 HPs)
             Began as a Black Draconian Venom Mage on Oct 19, 2015.
             Was a Follower of Okawaru.
             Killed from afar by an orc wizard (13 damage)
             ... with a puff of frost
             ... on level 7 of the Dungeon on Oct 20, 2015.
             The game lasted 02:41:00 (5009 turns).

fredomojojo the Stinger (DrVM)                      Turns: 5009, Time: 02:41:05

Health: -6/63      AC:  6    Str: 10    XL:     8   Next: 95%
Magic:  7/14       EV: 14    Int: 18    God:    Okawaru [*.....]
Gold:   272        SH:  0    Dex: 12    Spells: 4 memorised, 5 levels left

rFire  . . .     SeeInvis .     f - +6 whip (flame)
rCold  . . .     Clarity  .     (armour unavailable)
rNeg   + . .     SustAt   .     (no shield)
rPois  .         Gourm    .     (helmet restricted)
rElec  +         Spirit   .     (no cloak)
rCorr  .         Warding  .     (no gloves)
rMut   .         Stasis   .     (no boots)
MR     .....                    q - amulet of regeneration
Stlth  ++........               (no ring)
                                K - ring of positive energy

@: not resistant to hostile enchantments, unstealthy
A: breathe lightning, unfitting armour, electricity resistance, cold-blooded, AC
+6
a: Breathe Lightning, Heroism, Renounce Religion


You were on level 7 of the Dungeon.
You worshipped Okawaru.
Okawaru was aware of your devotion.
You were hungry.

You visited 1 branch of the dungeon, and saw 7 of its levels.

You collected 272 gold pieces.

Inventory:

Hand Weapons
 f - a +6 whip of flaming (weapon)
 y - a +0 shortbow
 z - a +0 hunting sling
 D - a +1 dagger of venom
 P - a +0 flail
Missiles
 d - 5 tomahawks (quivered)
 g - 91 stones
 p - 19 sling bullets
 s - 33 arrows
Jewellery
 c - an uncursed amulet of resist mutation
 q - an amulet of regeneration (around neck)
 r - an uncursed amulet of warding
 u - an uncursed amulet of clarity
 K - a ring of positive energy (left hand)
 L - an uncursed amulet of resist corrosion
Scrolls
 e - a scroll of fog
 h - a scroll of random uselessness {unknown}
 j - a scroll of amnesia {unknown}
 k - 6 scrolls of remove curse
 m - 4 scrolls of identify
 n - a scroll of teleportation {unknown}
 o - a scroll of recharging
 t - a scroll of enchant weapon
 w - 2 scrolls of magic mapping
 x - a scroll of fear {unknown}
 A - a scroll of noise {unknown}
 G - a scroll of blinking {unknown}
 I - a scroll of immolation
Potions
 l - 2 potions of curing
 B - a potion of ambrosia {unknown}
 C - a potion of resistance
 J - a potion of brilliance {unknown}
Books
 a - a Young Poisoner's Handbook

   Spells                             Type                      Level
   a - Sting                          Conjuration/Poison           1
   b - Cure Poison                    Poison                       2
   c - Mephitic Cloud                 Conjuration/Poison/Air       3
   d - Olgreb's Toxic Radiance        Poison                       4
   e - Venom Bolt                     Conjuration/Poison           5
 M - a book of Necromancy

   Spells                             Type                      Level
   a - Pain                           Necromancy                   1
   b - Animate Skeleton               Necromancy                   1
   c - Vampiric Draining              Necromancy                   3
   d - Regeneration                   Charms/Necromancy            3
   e - Animate Dead                   Necromancy                   4
   f - Control Undead                 Necromancy                   4
Comestibles
 b - a bread ration
 i - 4 meat rations
 v - a slice of pizza
 E - 2 royal jellies


   Skills:
 + Level 3.4 Fighting
 + Level 3.7 Maces & Flails
 + Level 0.5 Bows
 - Level 1.4 Throwing
 + Level 5.7 Dodging
 + Level 4.3 Stealth
 + Level 4.2 Spellcasting
 + Level 2.8 Conjurations
 + Level 1.2 Air Magic
 + Level 6.0 Poison Magic
 + Level 0.2 Invocations


You had 5 spell levels left.
You knew the following spells:

 Your Spells              Type           Power        Failure   Level  Hunger
a - Sting                 Conj/Pois      ###.         1%          1    None
b - Cure Poison           Pois           ####......   1%          2    ##.....
c - Mephitic Cloud        Conj/Pois/Air  ###.....     14%         3    ###....
d - Olgreb's Toxic Radia  Pois           ####....     14%         4    ####...


Dungeon Overview and Level Annotations

Branches:
Dungeon (7/15)             Temple (0/1) D:6

Altars:
Elyvilon
Okawaru
Ru
Sif Muna
Xom
Zin

Shops:
D:5 [   D:6 **?(*


Innate Abilities, Weirdness & Mutations

You can breathe wild blasts of lightning.
Your glossy black scales are hard (AC +6).
Your body does not fit into most forms of armour.
You are resistant to electric shocks.
You are cold-blooded and may be slowed by cold attacks.


Message History

You kill the adder!
Okawaru accepts your kill.
You feel sick.
The orc wizard casts a spell.
The orc wizard seems to speed up.
The orc wizard casts a cantrip, but nothing happens.
Unknown command.
An ogre comes into view. It is wielding a giant club.
You feel sick.
The orc wizard looks more healthy.
The orc wizard gestures at you while chanting.
The puff of frost hits you!
You see here a papyrus book.
Casting: Cure Poison
Confirm with . or Enter, or press ? or * to list all spells.
You are no longer poisoned.
The orc warrior hits you from afar with a trident!
* * * LOW HITPOINT WARNING * * *
The orc wizard points at you and mumbles some strange words.
The puff of frost hits you!
You die...

######
...?..#######
............#
............#
....o.......# .
......oo....###.#
................O
.......o.....##.#
......#..@.......
..$.$ #........##
.... #......###
### #.....?...
#.......##
#.........
#..........
.......###.


You could see an orc warrior, an ogre (sleeping) and 3 orc wizards.

Vanquished Creatures
  The ghost of Kidiri the Poker, a novice MfGl (D:4)
  An ice beast (D:6)
  2 phantoms
  A black bear (D:5)
  A centaur (D:5)
  4 ogres
  A wyvern skeleton (D:6)
  2 scorpions
  4 wights (D:6)
  A giant frog zombie (D:6)
  A crimson imp (D:6)
  2 hounds
  2 giant frog skeletons
  3 orc wizards
  2 worker ants
  A hound zombie (D:6)
  4 gnolls (D:5)
  7 adders
  An ooze (D:1)
  2 worms
  11 orcs
  4 giant cockroaches
  7 goblins
  7 hobgoblins
  5 jackals
  5 quokkas
  2 ball pythons (D:4)
  9 bats
  3 giant geckos
  9 giant newts
  9 kobolds
  11 rats
  A plant (D:3)
126 creatures vanquished.

Notes
Turn   | Place    | Note
--------------------------------------------------------------
     0 | D:1      | fredomojojo the Draconian Venom Mage began the quest for the Orb.
     0 | D:1      | Reached XP level 1. HP: 14/14 MP: 3/3
    77 | D:2      | Reached XP level 2. HP: 11/20 MP: 3/5
   646 | D:1      | Learned a level 2 spell: Cure Poison
   755 | D:2      | Reached XP level 3. HP: 24/26 MP: 4/6
  1145 | D:2      | Found a white marble altar of Elyvilon.
  1188 | D:2      | Became a worshipper of Elyvilon the Healer
  1390 | D:2      | Reached XP level 4. HP: 17/34 MP: 5/7
  1648 | D:3      | Learned a level 3 spell: Mephitic Cloud
  2181 | D:3      | Reached skill level 5 in Poison Magic
  2181 | D:3      | Reached XP level 5. HP: 34/39 MP: 8/8
  2188 | D:3      | Reached * piety under Elyvilon
  2369 | D:3      | Noticed a phantom
  2476 | D:3      | Killed a phantom
  2476 | D:3      | Reached skill level 1 in Fighting
  2476 | D:3      | Reached skill level 1 in Maces & Flails
  2701 | D:4      | Noticed an ogre
  2715 | D:4      | Killed an ogre
  2715 | D:4      | Reached XP level 6. HP: 31/48 MP: 8/10
  2724 | D:4      | Noticed an ogre
  2731 | D:4      | Killed an ogre
  2731 | D:4      | Reached skill level 1 in Throwing
  2731 | D:4      | Reached skill level 1 in Conjurations
  2855 | D:4      | Noticed a phantom
  2965 | D:4      | Killed a phantom
  2965 | D:4      | Your scales start taking on a glossy black colour.
  2965 | D:4      | Gained mutation: You are resistant to electric shocks. [Black Draconian growth]
  2965 | D:4      | Reached XP level 7. HP: 48/56 MP: 9/11
  3030 | D:4      | Noticed Kidiri's ghost (novice MfGl)
  3061 | D:4      | Killed Kidiri's ghost
  3119 | D:4      | Reached skill level 1 in Air Magic
  3176 | D:5      | Entered Level 5 of the Dungeon
  3230 | D:5      | Reached ** piety under Elyvilon
  3258 | D:5      | Found Rudwos's Antique Armour Emporium.
  3295 | D:5      | Found a shimmering altar of Xom.
  3356 | D:5      | Found a sand-covered staircase.
  3484 | D:5      | Was placed under penance by Elyvilon
  3484 | D:5      | Reached XP level 8. HP: 31/62 MP: 11/13
  3604 | D:5      | Found an iron altar of Okawaru.
  3619 | D:5      | Fell from the grace of Elyvilon
  3619 | D:5      | Became a worshipper of Warmaster Okawaru
  3755 | D:5      | Learned a level 4 spell: Olgreb's Toxic Radiance
  3949 | D:6      | Found Zin's Purification Station.
  3953 | D:6      | Found a glowing silver altar of Zin.
  4008 | D:6      | Found a staircase to the Ecumenical Temple.
  4137 | D:6      | Found Cexenef's General Store.
  4278 | D:6      | Found a deep blue altar of Sif Muna.
  4278 | D:6      | Found a sacrificial altar of Ru.
  4321 | D:6      | Reached skill level 5 in Dodging
  4321 | D:6      | Reached skill level 6 in Poison Magic
  4461 | D:6      | Reached * piety under Okawaru
  4490 | D:6      | Found Rakhaaps's General Store.
  4627 | D:6      | Found Bophax's Magic Scroll Shop.
  4719 | D:6      | Found Zequrgh's Antique Weapon Shop.
  5009 | D:7      | Killed from afar by an orc wizard

Vault maps used:
D:1:      lemuel_arrival_room, amethyst_killhole
D:2:      lemuel_round_altar
D:3:      first_bread, serial_bayou_pond_d, hangedman_feature_mirror
D:4:      amalloy_card_club
D:5:      black_bear_nest_1, lemuel_doored_altar, okawaru_ov_weapons_minmay,
          serial_shops, shop, nicolae_ossuary_entry_false_entrances
D:6:      gammafunk_temple_overflow_pools, zin_purify, temple_fountains,
          serial_shops, kennysheep_little_box,
          nicolae_shop_temple_entry_statues_fountains, nicolae_shop_crystal,
          nicolae_shop_stone

Action                   |  1- 3 |  4- 6 |  7- 9 || total
-------------------------+-------+-------+-------++-------
Melee: Club              |    35 |       |       ||    35
       Short sword       |    24 |       |       ||    24
       Whip              |    50 |   150 |   175 ||   375
       Flail             |       |       |    42 ||    42
       Dagger            |       |       |    20 ||    20
 Fire: Shortbow          |       |       |     8 ||     8
Throw: Tomahawk          |     9 |     2 |     6 ||    17
 Cast: Sting             |    39 |    34 |    26 ||    99
       Cure Poison       |     2 |     2 |     5 ||     9
       Mephitic Cloud    |       |     1 |     2 ||     3
       Olgreb's Toxic Ra |       |       |     2 ||     2
Invok: Divine Protection |       |     1 |     1 ||     2
       Lesser Healing    |       |     1 |       ||     1
 Abil: Breathe Lightning |       |       |     2 ||     2
  Use: Scroll            |     4 |     4 |     4 ||    12
       Potion            |     2 |       |     1 ||     3
 Stab: Sleeping          |       |     5 |     4 ||     9
       Confused          |       |       |     1 ||     1
  Eat: Meat ration       |     1 |       |       ||     1
       Bread ration      |       |     1 |     2 ||     3
